[Event "RUS-chTW Premier 2019"]
[Site "Sochi"]
[Date "2019.05.07"]
[Round "6.2"]
[White "Mukhina, Jana"]
[Black "Belenkaya, Dina"]
[Result "0-1"]
[ECO "B19"]
[WhiteElo "2098"]
[BlackElo "2315"]
[Annotator "NA"]
[PlyCount "114"]
[EventDate "2019.05.01"]
[EventType "team-tourn"]
[EventCountry "RUS"]
[SourceTitle "playchess.com"]
[Source "ChessBase"]
[SourceQuality "1"]
[TimeControl "40/5400+30:1800+30"]

1. e4 c6 2. d4 d5 3. Nc3 dxe4 4. Nxe4 Bf5 5. Ng3 Bg6 6. h4 h6 7. Nf3 Nd7 8. h5 Bh7 9. Bd3 Bxd3 10. Qxd3 e6 11. Bd2 Ngf6 12. O-O-O Be7 13. Kb1 Qb6 14. c4 Rd8 15. Qc2 O-O 16. Bf4 Rfe8 17. Ne5 Nf8 18. c5 Qa6 19. Rd3 Nd5 20. Bd2 b5 21. Ne4 f5 22. Ng3 Nh7 23. Ne2 Bf6 24. f4 Re7 25. g4 Bxe5 26. fxe5 Rf7 27. gxf5 exf5 28. Rf3 Qc8 29. Rg1 Kh8 30. Rg6 Nf8 31. Rg1 Ne7 32. Ba5 Rd5 33. Rgf1 Ne6 34. Qd2 Qd7 35. Rd1 Rf8 36. Rd3 Qe8 37. Rh1 Rd7 38. Nf4 Nxf4 39. Qxf4 Nd5 40. Qf3 f4 41. Rg1 Qf7 42. Rg6 Qf5 43. Kc1 Ne3 44. Rxe3 fxe3 45. Qxf5 Rxf5 46. Rd6 Rdf7 47. e6 Re7 48. Rxc6 Rxh5 49. Kd1 g5 50. Ke2 g4 51. Kxe3 g3 52. Kf3 Rg7 53. Kg2 Rh2+ 54. Kf3 Rf2+ 55. Ke3 g2 56. e7 g1=Q 57. Rc8+ Kh7 0-1

[Event "RUS-chTW Premier 2019"]
[Site "Sochi"]
[Date "2019.05.07"]
[Round "6.3"]
[White "Styazhkina, Anna"]
[Black "Mironenko, Galina"]
[Result "1-0"]
[ECO "C07"]
[WhiteElo "2272"]
[BlackElo "1901"]
[Annotator "NA"]
[PlyCount "69"]
[EventDate "2019.05.01"]
[EventType "team-tourn"]
[EventCountry "RUS"]
[SourceTitle "playchess.com"]
[Source "ChessBase"]
[SourceQuality "1"]
[TimeControl "40/5400+30:1800+30"]

1. e4 e6 2. d4 d5 3. Nd2 c5 4. Ngf3 cxd4 5. Nxd4 Nc6 6. Bb5 Bd7 7. Nxc6 bxc6 8. Bd3 Qc7 9. Qe2 Ne7 10. Nf3 Ng6 11. e5 c5 12. c3 Rb8 13. O-O Be7 14. Re1 Qb7 15. h4 Bb5 16. h5 Nf8 17. Nh2 Nd7 18. b3 Bxd3 19. Qxd3 a5 20. Qg3 g6 21. Qh3 Qc6 22. Ng4 Kd8 23. Bd2 c4 24. bxc4 dxc4 25. hxg6 fxg6 26. Bh6 Ba3 27. Bg7 Rg8 28. Qxh7 Kc7 29. Rad1 g5 30. Nf6 Nxf6 31. exf6 Rgd8 32. Bf8+ Rd7 33. Rxd7+ Qxd7 34. Qxd7+ Kxd7 35. Bxa3 1-0

[Event "RUS-chTW Premier 2019"]
[Site "Sochi"]
[Date "2019.05.07"]
[Round "6.4"]
[White "Filippova, Darya"]
[Black "Balaian, Alina"]
[Result "0-1"]
[ECO "E92"]
[WhiteElo "2070"]
[BlackElo "2250"]
[Annotator "NA"]
[PlyCount "94"]
[EventDate "2019.05.01"]
[EventType "team-tourn"]
[EventCountry "RUS"]
[SourceTitle "playchess.com"]
[Source "ChessBase"]
[SourceQuality "1"]
[TimeControl "40/5400+30:1800+30"]

1. c4 Nf6 2. Nc3 g6 3. d4 Bg7 4. e4 d6 5. Nf3 O-O 6. Be2 e5 7. dxe5 dxe5 8. Qxd8 Rxd8 9. Bg5 Re8 10. Nd5 Nxd5 11. cxd5 c6 12. Bc4 cxd5 13. Bxd5 Nd7 14. Rc1 h6 15. Be3 Nf6 16. Bb3 Nxe4 17. Rc7 Be6 18. Bxe6 Rxe6 19. Rxb7 Ra6 20. a3 Nd6 21. Rb4 Rc6 22. O-O a5 23. Rb3 Rac8 24. g3 Nf5 25. g4 Nd6 26. Rd1 f5 27. Nh4 fxg4 28. Rd5 Nc4 29. Ba7 Rf6 30. Rb7 g5 31. Rdd7 Bf8 32. Ng2 Nd6 33. Rbc7 Rxc7 34. Rxc7 Nb5 35. Rd7 Nxa7 36. Rxa7 Rxf2 37. Kxf2 Bc5+ 38. Kg3 Bxa7 39. Kxg4 a4 40. Ne1 Bd4 41. Nd3 e4 42. Nb4 Bxb2 43. Nd5 Bxa3 44. Nc3 Bd6 45. h4 a3 46. hxg5 hxg5 47. Na2 Bf4 0-1

[Event "RUS-chTW Premier 2019"]
[Site "Sochi"]
[Date "2019.05.07"]
[Round "6.5"]
[White "Badelka, Olga"]
[Black "Ushenina, Anna"]
[Result "0-1"]
[ECO "A20"]
[WhiteElo "2383"]
[BlackElo "2442"]
[Annotator "NA"]
[PlyCount "84"]
[EventDate "2019.05.01"]
[EventType "team-tourn"]
[EventCountry "RUS"]
[SourceTitle "playchess.com"]
[Source "ChessBase"]
[SourceQuality "1"]
[TimeControl "40/5400+30:1800+30"]

1. c4 e5 2. g3 Nf6 3. Bg2 d5 4. cxd5 Nxd5 5. Nf3 Nc6 6. O-O Nb6 7. b3 Be7 8. Bb2 f6 9. Qc1 O-O 10. Rd1 Qe8 11. d4 exd4 12. Nxd4 Nxd4 13. Bxd4 c6 14. Nc3 Be6 15. Qe3 Ba3 16. Nb1 Bb4 17. a3 Ba5 18. Qd3 Rd8 19. b4 c5 20. bxa5 Rxd4 21. Qc2 Nc4 22. Nd2 Nxa5 23. Qxc5 Qd8 24. Qc2 Qc8 25. Qxc8 Rxc8 26. Ne4 Rxd1+ 27. Rxd1 b6 28. f4 Kf8 29. Kf2 Ke7 30. Rd3 Nc4 31. Ke1 Nb2 32. Rd4 Rc4 33. Rd2 Rc1+ 34. Kf2 Nd1+ 35. Ke1 Ne3+ 36. Kf2 Ng4+ 37. Kf3 Nxh2+ 38. Ke3 Rg1 39. Bf3 Nf1+ 40. Kf2 Nxd2 41. Kxg1 Nb1 42. a4 Bd7 0-1

[Event "RUS-chTW Premier 2019"]
[Site "Sochi"]
[Date "2019.05.07"]
[Round "6.6"]
[White "Pogonina, Natalija"]
[Black "Dordzhieva, Dinara"]
[Result "1/2-1/2"]
[ECO "E04"]
[WhiteElo "2453"]
[BlackElo "2280"]
[Annotator "ChessBase"]
[PlyCount "135"]
[EventDate "2019.05.01"]
[EventType "team-tourn"]
[EventCountry "RUS"]
[SourceTitle "playchess.com"]
[Source "ChessBase"]
[SourceQuality "1"]
[TimeControl "40/5400+30:1800+30"]

1. d4 d5 2. c4 e6 3. Nf3 Nf6 4. g3 dxc4 5. Bg2 c6 6. O-O b5 7. Ne5 Bb7 8. a4 Qc8 9. b3 cxb3 10. Qxb3 a6 11. Bg5 Be7 12. Nd2 O-O 13. Rfc1 Qd8 14. e3 Nd5 15. Bxe7 Qxe7 16. Ne4 Nd7 17. Nxc6 Bxc6 18. Rxc6 bxa4 19. Qxa4 a5 20. Nc3 N7b6 21. Nxd5 Nxd5 22. Rc5 Rfd8 23. Rxa5 Rxa5 24. Qxa5 h6 25. Rc1 Qd6 26. Qc5 Qb8 27. h3 Qb2 28. Qc2 Qa3 29. Rb1 Qe7 30. Rb5 Qd7 31. Rc5 g6 32. Bf3 h5 33. h4 Qd6 34. Kg2 Kg7 35. Qc4 Qd7 36. Qb5 Qe7 37. Qc4 Qd7 38. Qa6 Qe7 39. Qa5 Qd7 40. Qa6 Qe7 41. Qa5 Qd6 42. Bxd5 exd5 43. Qc7 Qxc7 44. Rxc7 Kf6 45. Rc6+ Ke7 46. Kf3 Rb8 47. Kf4 Rb2 48. f3 Rf2 49. Ra6 Rf1 50. Ra8 Rf2 51. g4 hxg4 52. Kxg4 Rh2 53. e4 dxe4 54. fxe4 Re2 55. Kf4 Rh2 56. Rh8 Kf6 57. d5 Kg7 58. Kg3 Rd2 59. Re8 f5 60. Re7+ Kf8 61. Re5 fxe4 62. Kf4 Rh2 63. Kg5 Kf7 64. Rxe4 Rd2 65. Re5 Rd4 66. h5 gxh5 67. Rf5+ Ke7 68. Kxh5 1/2-1/2

[Event "RUS-chTW Premier 2019"]
[Site "Sochi"]
[Date "2019.05.07"]
[Round "6.7"]
[White "Maltsevskaya, Aleksandra"]
[Black "Girya, Olga"]
[Result "1/2-1/2"]
[ECO "B11"]
[WhiteElo "2299"]
[BlackElo "2449"]
[Annotator "ChessBase"]
[PlyCount "106"]
[EventDate "2019.05.01"]
[EventType "team-tourn"]
[EventCountry "RUS"]
[SourceTitle "playchess.com"]
[Source "ChessBase"]
[SourceQuality "1"]
[TimeControl "40/5400+30:1800+30"]

1. e4 c6 2. Nc3 d5 3. Nf3 Bg4 4. h3 Bxf3 5. Qxf3 Nf6 6. d3 e6 7. g3 Nbd7 8. Bg2 Bc5 9. O-O O-O 10. g4 b5 11. Kh1 a5 12. Qg3 a4 13. a3 Kh8 14. f4 Qb8 15. e5 Ng8 16. Ne2 Ba7 17. c3 c5 18. c4 Ne7 19. cxd5 exd5 20. Nc3 Qb7 21. Qh4 Rae8 22. f5 b4 23. Ne2 Nxe5 24. f6 Ng8 25. fxg7+ Kxg7 26. Ng3 Qc6 27. Bh6+ Nxh6 28. Rf6 Ng6 29. Qg5 Re5 30. Nh5+ Kg8 31. Qxh6 Rxh5 32. Qxf8+ Kxf8 33. Rxc6 Re5 34. Rc7 Bb6 35. Rb7 Ba5 36. Rb5 bxa3 37. bxa3 Bc3 38. Rf1 d4 39. Rb7 Ne7 40. Ra7 Re3 41. Be4 c4 42. Rd1 Bb2 43. Rc7 cxd3 44. Bxd3 Nd5 45. Rb7 Rxh3+ 46. Kg1 Bxa3 47. Bc4 Ne3 48. Rxd4 Nxc4 49. Rxc4 Rb3 50. Ra7 Bd6 51. Raxa4 Rb5 52. Kg2 h5 53. gxh5 Rxh5 1/2-1/2

[Event "RUS-chTW Premier 2019"]
[Site "Sochi"]
[Date "2019.05.07"]
[Round "6.8"]
[White "Guseva, Marina"]
[Black "Diakonova, Ekaterina"]
[Result "1/2-1/2"]
[ECO "D70"]
[WhiteElo "2402"]
[BlackElo "2211"]
[Annotator "NA"]
[PlyCount "87"]
[EventDate "2019.05.01"]
[EventType "team-tourn"]
[EventCountry "RUS"]
[SourceTitle "playchess.com"]
[Source "ChessBase"]
[SourceQuality "1"]
[TimeControl "40/5400+30:1800+30"]

1. d4 Nf6 2. c4 g6 3. Nf3 Bg7 4. g3 O-O 5. Bg2 c6 6. O-O d5 7. Qb3 Qb6 8. Nc3 Rd8 9. Rd1 Bf5 10. Ne1 dxc4 11. Qxc4 Na6 12. e4 Be6 13. Qa4 Nb4 14. Qa3 a5 15. Be3 Ng4 16. Na4 Qa7 17. Nc5 Bxa2 18. Rxa2 Nxe3 19. fxe3 Nxa2 20. Qxa2 e5 21. Qc4 exd4 22. exd4 b6 23. Ncd3 Bxd4+ 24. Kh1 Rac8 25. Qc2 Qe7 26. Nf3 b5 27. Rf1 a4 28. h4 a3 29. bxa3 Qxa3 30. Nxd4 Qd6 31. Nf5 gxf5 32. Nf4 b4 33. exf5 Qd2 34. Qb3 Ra8 35. Qf3 Qc3 36. Qxc3 bxc3 37. Rc1 Ra3 38. Ne2 Rd3 39. Kg1 Ra5 40. Bxc6 Rd2 41. Bf3 Rxf5 42. Bg4 Re5 43. Rxc3 Rdxe2 44. Bxe2 1/2-1/2

[Event "RUS-chTW Premier 2019"]
[Site "Sochi"]
[Date "2019.05.07"]
[Round "6.9"]
[White "Sudakova, Irina"]
[Black "Schepetkova, Margarita"]
[Result "1-0"]
[ECO "B13"]
[WhiteElo "2313"]
[BlackElo "2224"]
[Annotator "NA"]
[PlyCount "93"]
[EventDate "2019.05.01"]
[EventType "team-tourn"]
[EventCountry "RUS"]
[SourceTitle "playchess.com"]
[Source "ChessBase"]
[SourceQuality "1"]
[TimeControl "40/5400+30:1800+30"]

1. e4 c6 2. d4 d5 3. exd5 cxd5 4. Bd3 Nc6 5. c3 Qc7 6. h3 Nf6 7. Nf3 g6 8. Qc2 Nh5 9. O-O Nf4 10. Bb5 Bg7 11. Ne5 Bxe5 12. dxe5 Qxe5 13. Qd2 Ne6 14. Re1 Qd6 15. c4 dxc4 16. Qxd6 exd6 17. Bxc4 O-O 18. Bh6 Rd8 19. Nc3 Ned4 20. Bg5 Rf8 21. Rad1 Be6 22. Nd5 Bxd5 23. Bxd5 Kg7 24. Re4 f6 25. Rdxd4 Nxd4 26. Re7+ Kh8 27. Bh6 Nf5 28. Bxf8 Rxf8 29. Rxb7 Rc8 30. Rxa7 Rc1+ 31. Kh2 Rc2 32. Rb7 Rxf2 33. a4 Rf4 34. b4 Ne3 35. Bf3 Nc2 36. a5 Nxb4 37. Rb6 Rd4 38. a6 Nxa6 39. Rxa6 Kg7 40. Ra7+ Kh6 41. Kg3 g5 42. Kf2 f5 43. Ke3 Rb4 44. Ra6 g4 45. hxg4 fxg4 46. Be4 Rb3+ 47. Kf4 1-0

[Event "RUS-chTW Premier 2019"]
[Site "Sochi"]
[Date "2019.05.07"]
[Round "6.10"]
[White "Trapeznikova, Darya"]
[Black "Protopopova, Anastasiya"]
[Result "1/2-1/2"]
[ECO "A05"]
[WhiteElo "2090"]
[BlackElo "2249"]
[Annotator "NA"]
[PlyCount "87"]
[EventDate "2019.05.01"]
[EventType "team-tourn"]
[EventCountry "RUS"]
[SourceTitle "playchess.com"]
[Source "ChessBase"]
[SourceQuality "1"]
[TimeControl "40/5400+30:1800+30"]

1. Nf3 Nf6 2. e3 b6 3. c4 Bb7 4. Nc3 g6 5. b3 Bg7 6. Bb2 O-O 7. Be2 c5 8. O-O Nc6 9. d4 cxd4 10. Nxd4 Nxd4 11. Qxd4 Ne4 12. Qd3 Nc5 13. Qd2 e6 14. Rfd1 Qg5 15. Bf1 Bf3 16. Re1 d5 17. Kh1 Bg4 18. b4 Nb7 19. f3 Bf5 20. cxd5 e5 21. Qf2 Qe7 22. e4 Bd7 23. a3 Nd6 24. Bd3 Rfc8 25. Qe2 a5 26. Nb5 axb4 27. axb4 Bxb5 28. Bxb5 Rxa1 29. Bxa1 Qa7 30. Bc6 Qa3 31. f4 f6 32. fxe5 fxe5 33. Qg4 Qxb4 34. Qe6+ Kh8 35. Rg1 Rf8 36. Bxe5 Nxe4 37. Bxg7+ Kxg7 38. Qe5+ Kh6 39. h3 Rf5 40. Qb8 Nf2+ 41. Kh2 Ng4+ 42. Kh1 Nf2+ 43. Kh2 Ng4+ 44. Kh1 1/2-1/2

[Event "RUS-chTW Premier 2019"]
[Site "Sochi"]
[Date "2019.05.07"]
[Round "6.11"]
[White "Lysenko, Margarita"]
[Black "Chan, Naruna"]
[Result "1-0"]
[ECO "A46"]
[WhiteElo "2211"]
[BlackElo "1985"]
[Annotator "NA"]
[PlyCount "47"]
[EventDate "2019.05.01"]
[EventType "team-tourn"]
[EventCountry "RUS"]
[SourceTitle "playchess.com"]
[Source "ChessBase"]
[SourceQuality "1"]
[TimeControl "40/5400+30:1800+30"]

1. d4 Nf6 2. Nf3 e6 3. g3 b6 4. Bg2 Bb7 5. O-O Be7 6. c4 O-O 7. Re1 c5 8. d5 d6 9. dxe6 fxe6 10. Bh3 e5 11. Nc3 a6 12. Bg5 Nc6 13. Bxf6 Bxf6 14. Nd2 Kh8 15. Nde4 Be7 16. e3 Qe8 17. Bg2 Qf7 18. Nd5 Nb4 19. Nxb6 Bxe4 20. Bxe4 Qxf2+ 21. Kh1 Rab8 22. Nd7 a5 23. Nxb8 Rxb8 24. Qh5 1-0

[Event "RUS-chTW Premier 2019"]
[Site "Sochi"]
[Date "2019.05.07"]
[Round "6.12"]
[White "Azimova, Karina"]
[Black "Geller, Anastasiya"]
[Result "0-1"]
[ECO "B28"]
[WhiteElo "2072"]
[BlackElo "2187"]
[Annotator "NA"]
[PlyCount "117"]
[EventDate "2019.05.01"]
[EventType "team-tourn"]
[EventCountry "RUS"]
[SourceTitle "playchess.com"]
[Source "ChessBase"]
[SourceQuality "1"]
[TimeControl "40/5400+30:1800+30"]

1. e4 c5 2. Nf3 a6 3. Be2 e6 4. d4 cxd4 5. Nxd4 Nf6 6. Qd3 d5 7. exd5 Nxd5 8. O-O Qc7 9. Bf3 Nb4 10. Qc3 Qxc3 11. Nxc3 Bc5 12. a3 N4c6 13. Nb3 Be7 14. Be3 Nd7 15. Rad1 Nde5 16. Be2 b5 17. Ne4 O-O 18. Nec5 f5 19. f4 Nc4 20. Bc1 e5 21. fxe5 N6xe5 22. Rd5 Bf6 23. Nd4 Nb6 24. Rxe5 Bxe5 25. c3 Bd6 26. Ndb3 Nc4 27. Bf3 Ra7 28. Bd5+ Kh8 29. Ne6 Bxe6 30. Bxe6 f4 31. Nd4 Re7 32. Bh3 Bc5 33. Kh1 Bxd4 34. cxd4 Ne3 35. Rf3 Nf5 36. Bd2 Nxd4 37. Rd3 Nc2 38. Kg1 g5 39. Bc3+ Kg8 40. Rd2 Ne3 41. Bb4 Rc7 42. Be6+ Kg7 43. Bxf8+ Kxf8 44. h3 Ke7 45. Bb3 Rd7 46. Re2 Kf6 47. Kf2 h5 48. g3 Rd3 49. gxf4 gxf4 50. Ba2 Rd1 51. Kf3 Ke5 52. Rh2 Rf1+ 53. Ke2 Ke4 54. Bf7 f3+ 55. Kd2 h4 56. Bh5 Kf4 57. Kc3 f2 58. Be2 Kg3 59. Kd4 0-1

[Event "RUS-chTW Premier 2019"]
[Site "Sochi"]
[Date "2019.05.07"]
[Round "6.13"]
[White "Borisova, Ekaterina"]
[Black "Shuvalova, Polina"]
[Result "1/2-1/2"]
[ECO "A64"]
[WhiteElo "2292"]
[BlackElo "2439"]
[Annotator "NA"]
[PlyCount "90"]
[EventDate "2019.05.01"]
[EventType "team-tourn"]
[EventCountry "RUS"]
[SourceTitle "playchess.com"]
[Source "ChessBase"]
[SourceQuality "1"]
[TimeControl "40/5400+30:1800+30"]

1. d4 Nf6 2. c4 e6 3. g3 c5 4. d5 exd5 5. cxd5 d6 6. Nc3 g6 7. Bg2 Bg7 8. Nf3 O-O 9. O-O a6 10. a4 Nbd7 11. Nd2 Re8 12. h3 Rb8 13. Nc4 Ne5 14. Na3 Nh5 15. e4 Bd7 16. a5 Qxa5 17. g4 Nf6 18. f4 Nexg4 19. hxg4 Nxg4 20. f5 h5 21. Bg5 Qb4 22. f6 Bh8 23. Qd2 Re5 24. Bf4 Bxf6 25. Bxe5 Bxe5 26. Rf3 c4 27. Raf1 Rf8 28. Qg5 b5 29. Nd1 Kg7 30. Qe7 Be8 31. Nc2 Qd2 32. Nde3 Nxe3 33. Nxe3 Bd4 34. Qxd6 Bxe3+ 35. Kh1 Bd4 36. e5 Qg5 37. e6 Be5 38. Qc5 Bxb2 39. e7 Rg8 40. Qf2 Be5 41. Rxf7+ Bxf7 42. Qxf7+ Kh6 43. Qf8+ Rg7 44. Qh8+ Rh7 45. Qf8+ Rg7 1/2-1/2

[Event "RUS-chTW Premier 2019"]
[Site "Sochi"]
[Date "2019.05.07"]
[Round "6.14"]
[White "Kovalevskaya, Ekaterina"]
[Black "Smirnova, Ekaterina"]
[Result "1-0"]
[ECO "A07"]
[WhiteElo "2413"]
[BlackElo "2204"]
[Annotator "ChessBase"]
[PlyCount "133"]
[EventDate "2019.05.01"]
[EventType "team-tourn"]
[EventCountry "RUS"]
[SourceTitle "playchess.com"]
[Source "ChessBase"]
[SourceQuality "1"]
[TimeControl "40/5400+30:1800+30"]

1. Nf3 d5 2. g3 Nf6 3. Bg2 c6 4. O-O Bg4 5. d3 Nbd7 6. Nbd2 e5 7. e4 dxe4 8. dxe4 Be7 9. Qe2 O-O 10. Nc4 Qc7 11. h3 Bxf3 12. Bxf3 Rad8 13. Ne3 g6 14. Ng4 Nc5 15. Nxf6+ Bxf6 16. h4 Ne6 17. c3 h5 18. Be3 Rd7 19. Bg2 a5 20. Bh3 Rd6 21. Rad1 Rfd8 22. Rxd6 Rxd6 23. Qc2 Qd8 24. Qb3 b5 25. a4 bxa4 26. Qxa4 Bxh4 27. gxh4 Qxh4 28. Bg2 Nf4 29. Bxf4 Qxf4 30. Rd1 Rf6 31. Qc2 h4 32. Rd3 Qg5 33. Qd2 Rf4 34. Kf1 Qf6 35. Qe2 Qe6 36. Bh3 Qa2 37. Kg2 Kg7 38. Rf3 Rxf3 39. Kxf3 a4 40. Bg4 Qb3 41. Kg2 c5 42. Qd2 Qb7 43. f3 Qb3 44. Kh3 Qa2 45. Qh2 Kg8 46. Bd7 Qb3 47. Qd2 Qa2 48. Qg2 a3 49. bxa3 Qxa3 50. Qd2 Qa1 51. Kg2 Kg7 52. Bb5 Qa7 53. Bc4 Qe7 54. Kh3 Qf6 55. Kg4 Qe7 56. Qg5 f6 57. Qd2 Qf8 58. Kxh4 Qh8+ 59. Kg3 Qh1 60. Qd7+ Kh6 61. Qh3+ Qxh3+ 62. Kxh3 Kg5 63. Kg3 f5 64. Be6 Kf6 65. Bd7 Kg5 66. Bc8 Kf6 67. Kh4 1-0

[Event "RUS-chTW Premier 2019"]
[Site "Sochi"]
[Date "2019.05.07"]
[Round "6.15"]
[White "Tomashevskaya, Lidia"]
[Black "Bivol, Alina"]
[Result "0-1"]
[ECO "C10"]
[WhiteElo "2128"]
[BlackElo "2393"]
[Annotator "NA"]
[PlyCount "80"]
[EventDate "2019.05.01"]
[EventType "team-tourn"]
[EventCountry "RUS"]
[SourceTitle "playchess.com"]
[Source "ChessBase"]
[SourceQuality "1"]
[TimeControl "40/5400+30:1800+30"]

1. e4 e6 2. d4 d5 3. Nc3 dxe4 4. Nxe4 Nd7 5. Nf3 Ngf6 6. Bg5 Be7 7. Nxf6+ Bxf6 8. Qd2 Bxg5 9. Nxg5 Nf6 10. Bd3 Bd7 11. c3 Bc6 12. f3 h6 13. Nh3 Qd6 14. O-O-O a5 15. Nf2 b5 16. Ne4 Nxe4 17. fxe4 e5 18. Qf2 O-O 19. Qf5 Rae8 20. Bc2 Bd7 21. Qh5 exd4 22. Rxd4 Qf4+ 23. Kb1 Bc6 24. Bd3 Re5 25. Qf3 Qh4 26. g4 Rfe8 27. Rf1 Qe7 28. Ka1 Bb7 29. b4 c5 30. bxc5 Rxc5 31. Bc2 a4 32. Qd3 Bc8 33. e5 g6 34. Rd6 Be6 35. Rf6 Rxe5 36. Rxg6+ fxg6 37. Qxg6+ Kf8 38. Qxh6+ Qg7 39. Qf4+ Kg8 40. Ra6 Rc5 0-1

[Event "RUS-chTW Premier 2019"]
[Site "Sochi"]
[Date "2019.05.07"]
[Round "6.16"]
[White "Voit, Daria"]
[Black "Tishova, Svetlana"]
[Result "1-0"]
[ECO "A46"]
[WhiteElo "2340"]
[BlackElo "2093"]
[Annotator "NA"]
[PlyCount "91"]
[EventDate "2019.05.01"]
[EventType "team-tourn"]
[EventCountry "RUS"]
[SourceTitle "playchess.com"]
[Source "ChessBase"]
[SourceQuality "1"]
[TimeControl "40/5400+30:1800+30"]

1. d4 Nf6 2. Nf3 d5 3. g3 Bf5 4. Bg2 c6 5. O-O h6 6. c4 e6 7. Nc3 Nbd7 8. Qb3 Qb6 9. c5 Qxb3 10. axb3 a6 11. b4 Rc8 12. h3 Bh7 13. g4 Be7 14. Bf4 Bd8 15. Nd2 g5 16. Bd6 h5 17. f3 Nf8 18. e4 Ng6 19. exd5 exd5 20. b5 axb5 21. Ra7 Bc7 22. Rxb7 Bxd6 23. cxd6 O-O 24. Ra1 Nf4 25. Nb3 Rcd8 26. Rb6 Rxd6 27. Nxb5 Re6 28. Nc3 Rfe8 29. Bf1 Nd7 30. Rb7 Nf8 31. Kf2 N8g6 32. Raa7 R6e7 33. Na5 Rxb7 34. Rxb7 Re6 35. Na4 Rf6 36. Nc5 Nf8 37. Rb8 Kg7 38. Rc8 hxg4 39. hxg4 N4e6 40. Nxc6 Be4 41. Be2 Ng6 42. Ke3 Bb1 43. Nd7 Rf4 44. b4 Nh4 45. b5 Ng2+ 46. Kf2 1-0

[Event "RUS-chTW Premier 2019"]
[Site "Sochi"]
[Date "2019.05.08"]
[Round "7.1"]
[White "Ambartsumova, Karina"]
[Black "Bodnaruk, Anastasia"]
[Result "0-1"]
[ECO "A05"]
[WhiteElo "2364"]
[BlackElo "2431"]
[Annotator "RC"]
[PlyCount "97"]
[EventDate "2019.04.30"]
[EventType "team-tourn"]
[EventCountry "RUS"]
[SourceTitle "playchess.com"]
[Source "ChessBase"]
[SourceQuality "1"]
[TimeControl "40/5400+30:1800+30"]

1. Nf3 Nf6 2. g3 g6 3. d4 Bg7 4. Bg2 O-O 5. O-O d6 6. b3 Nc6 7. Bb2 e5 8. dxe5 Ng4 9. Qc1 dxe5 10. h3 Nh6 11. Rd1 Bd7 12. Nbd2 Qc8 13. Kh2 Nf5 14. Ne4 b6 15. e3 Nfe7 16. Nc3 f6 17. Nd5 Nxd5 18. Rxd5 Ne7 19. Rd2 Bc6 20. Qf1 Qe6 21. Rad1 Nf5 22. Ba3 Rfe8 23. Ng1 e4 24. Ne2 g5 25. Nd4 Nxd4 26. exd4 Rad8 27. c4 Qf7 28. d5 Bd7 29. Bb2 Bf8 30. Re2 f5 31. Qe1 Bd6 32. Qc3 Be5 33. Qd2 Qg6 34. Bxe5 Rxe5 35. f4 gxf4 36. gxf4 Re7 37. Bxe4 fxe4 38. Rg2 e3 39. Qd3 Kf7 40. Rxg6 hxg6 41. Kg3 Bf5 42. Qe2 Re4 43. a3 a5 44. h4 Rh8 45. Rd3 g5 46. hxg5 Ree8 47. Qb2 e2 48. Qf6+ Kg8 49. Re3 0-1

[Event "RUS-chTW Premier 2019"]
[Site "Sochi"]
[Date "2019.05.08"]
[Round "7.3"]
[White "Shafigullina, Zarina"]
[Black "Belenkaya, Dina"]
[Result "1-0"]
[ECO "D02"]
[WhiteElo "2299"]
[BlackElo "2315"]
[Annotator "NA RC"]
[PlyCount "99"]
[EventDate "2019.04.30"]
[EventType "team-tourn"]
[EventCountry "RUS"]
[SourceTitle "playchess.com"]
[Source "ChessBase"]
[SourceQuality "1"]
[TimeControl "40/5400+30:1800+30"]

1. d4 d5 2. Nf3 Nf6 3. g3 c5 4. Bg2 cxd4 5. Nxd4 e5 6. Nf3 Nc6 7. O-O h6 8. c4 Be6 9. cxd5 Nxd5 10. Nfd2 Be7 11. Ne4 O-O 12. Nbc3 Nxc3 13. Nxc3 Qa5 14. Nd5 Bc5 15. Bd2 Qd8 16. Bc3 Nd4 17. Nb4 Qb6 18. Nd3 Rfd8 19. Kh1 Nc6 20. Qa4 Bd6 21. f4 Bd7 22. fxe5 Nb4 23. Qd1 Be7 24. Bxb4 Bxb4 25. Qb3 a5 26. Qxf7+ Kh8 27. Nf4 Be8 28. Qf5 Rd4 29. e3 Rd2 30. Be4 g6 31. Qh3 Kh7 32. Nd5 Rxd5 33. Bxd5 Rd8 34. e4 Be7 35. Qe6 Qxe6 36. Bxe6 b6 37. Rad1 Kg7 38. Rxd8 Bxd8 39. Rd1 Be7 40. Bd7 Bf7 41. e6 Bg8 42. e5 Bc5 43. Bc8 Be7 44. Rd7 Kf8 45. Rb7 Bc5 46. Kg2 Bd4 47. e7+ Ke8 48. Rd7 Be6 49. Rxd4 Bxc8 50. Rd8+ 1-0

[Event "RUS-chTW Premier 2019"]
[Site "Sochi"]
[Date "2019.05.08"]
[Round "7.4"]
[White "Balaian, Alina"]
[Black "Bulatova, Kamaliya"]
[Result "1/2-1/2"]
[ECO "B90"]
[WhiteElo "2250"]
[BlackElo "2103"]
[Annotator "NA RC"]
[PlyCount "49"]
[EventDate "2019.04.30"]
[EventType "team-tourn"]
[EventCountry "RUS"]
[SourceTitle "playchess.com"]
[Source "ChessBase"]
[SourceQuality "1"]
[TimeControl "40/5400+30:1800+30"]

1. e4 c5 2. Nf3 d6 3. d4 cxd4 4. Nxd4 Nf6 5. Nc3 a6 6. Be3 e5 7. Nb3 Be6 8. f3 Be7 9. Qd2 O-O 10. O-O-O Nbd7 11. g4 b5 12. g5 Nh5 13. Nd5 Bxd5 14. exd5 f6 15. gxf6 Bxf6 16. Na5 Qe8 17. Kb1 Bd8 18. Nc6 Bb6 19. Bg5 Rxf3 20. Be2 Rf2 21. Bh4 Rf4 22. Bg5 Rf2 23. Bh4 Rf4 24. Bg5 Rf2 25. Bh4 1/2-1/2

[Event "RUS-chTW Premier 2019"]
[Site "Sochi"]
[Date "2019.05.08"]
[Round "7.5"]
[White "Ushenina, Anna"]
[Black "Schepetkova, Margarita"]
[Result "1/2-1/2"]
[ECO "D11"]
[WhiteElo "2442"]
[BlackElo "2224"]
[Annotator "NA RC"]
[PlyCount "84"]
[EventDate "2019.04.30"]
[EventType "team-tourn"]
[EventCountry "RUS"]
[SourceTitle "playchess.com"]
[Source "ChessBase"]
[SourceQuality "1"]
[TimeControl "40/5400+30:1800+30"]

1. d4 d5 2. Nf3 Nf6 3. c4 c6 4. e3 Bg4 5. cxd5 Bxf3 6. Qxf3 cxd5 7. Nc3 Nc6 8. Bd3 e6 9. O-O Be7 10. Bd2 O-O 11. Rfc1 e5 12. dxe5 Nxe5 13. Qf5 Nxd3 14. Qxd3 Qd7 15. Qb5 Qf5 16. Be1 Bd6 17. Rd1 Rad8 18. g3 a6 19. Qd3 Qh3 20. Qf1 Qxf1+ 21. Kxf1 Be5 22. Ne2 Bxb2 23. Rab1 Be5 24. Rxb7 Rb8 25. Rdb1 Rxb7 26. Rxb7 Rb8 27. Ra7 h5 28. Rxa6 Rb1 29. f3 g5 30. Kf2 g4 31. Bc3 gxf3 32. Kxf3 Ng4 33. Bxe5 Rf1+ 34. Kg2 Rf2+ 35. Kg1 Rxe2 36. Bd4 Nxh2 37. Ra5 Rd2 38. Rxd5 Nf3+ 39. Kf1 Nh2+ 40. Ke1 Nf3+ 41. Kf1 Nh2+ 42. Ke1 Nf3+ 1/2-1/2

[Event "RUS-chTW Premier 2019"]
[Site "Sochi"]
[Date "2019.05.08"]
[Round "7.8"]
[White "Azimova, Karina"]
[Black "Kovanova, Baira"]
[Result "0-1"]
[ECO "C41"]
[WhiteElo "2072"]
[BlackElo "2349"]
[Annotator "NA RC"]
[PlyCount "70"]
[EventDate "2019.04.30"]
[EventType "team-tourn"]
[EventCountry "RUS"]
[SourceTitle "playchess.com"]
[Source "ChessBase"]
[SourceQuality "1"]
[TimeControl "40/5400+30:1800+30"]

1. e4 e5 2. Nf3 d6 3. d4 exd4 4. Nxd4 Nf6 5. Nc3 Be7 6. g3 O-O 7. Bg2 Re8 8. O-O h6 9. Re1 Bf8 10. h3 c6 11. a4 a5 12. g4 Nh7 13. Bf4 Nd7 14. Qd2 Ne5 15. Rad1 Ng5 16. Qe3 Qf6 17. Bg3 Nc4 18. Qc1 d5 19. f4 Nxe4 20. Nxe4 dxe4 21. Bxe4 Bc5 22. c3 Nd6 23. Bg2 Be6 24. Kh2 Bd5 25. Bxd5 cxd5 26. Nb3 Rxe1 27. Bxe1 Bb6 28. Rxd5 Qe6 29. Qd1 Nc4 30. f5 Qe4 31. Rb5 Rd8 32. Nd4 Bxd4 33. cxd4 Rxd4 34. Qc1 Qe2+ 35. Kg1 Rd1 0-1